[Event "Titled Tuesday Blitz June 1 2021"]
[White "Annaberdiyev, Babageldi"]
[Black "Lazavik, Denis"]
[WhiteFideId "14000385"]
[BlackFideId "13515110"]
[WhiteElo "2332"]
[BlackElo "2436"]
[Result "1/2-1/2"]
[Round "05"]
[TimeControl "180+1"]
[Date "2021.06.01"]
[WhiteClock "0:01:03"]
[BlackClock "0:00:16"]

1. e4 e5 2. Nf3 Nc6 3. Bc4 Bc5 4. c3 Nf6 5. d4 exd4 6. cxd4 Bb4+ 7. Nc3 Nxe4 8. O-O Bxc3 9. d5 Bf6 10. Re1 Ne7 11. Rxe4 d6 12. Bg5 Bxg5 13. Nxg5 h6 14. Bb5+ Bd7 15. Qe2 hxg5 16. Re1 O-O 17. Rxe7 Bxb5 18. Qxb5 Qc8 19. h3 a6 20. Qd3 c6 21. Qg3 Qf5 22. dxc6 bxc6 23. Qxd6 Rad8 24. Qxc6 Rd2 25. R7e2 Rxe2 26. Rxe2 Qb1+ 27. Kh2 Qxa2 28. Qf3 Qc4 29. g3 Rb8 30. Re7 a5 31. b3 Qd4 32. Qxf7+ Kh7 33. Qh5+ Kg8 34. Qf7+ Kh7 35. Qf5+ Kg8 36. Qe6+ Kh7 37. Qe4+ Qxe4 38. Rxe4 Rxb3 39. Re5 Kg6 40. Rxa5 Rc3 41. Kg2 Kh6 42. Re5 g6 43. Re3 Rc4 44. Kf3 Rc1 45. Re4 Rc2 46. Re5 Rc3+ 47. Kg2 Rc4 48. Re8 Rc1 49. h4 gxh4 50. Rh8+ Kg7 51. Rxh4 Rc5 52. Ra4 Rb5 53. f4 Kh6 54. Kh3 Rb3 55. Kg4 Rb1 56. Ra6 Rb4 57. Kh4 Rc4 58. Kh3 Rb4 59. f5 Kg5 60. fxg6 Kh6 61. g4 Rb1 62. g5+ Kg7 63. Kg4 Rg1+ 64. Kf5 Rf1+ 65. Kg4 Rg1+ 66. Kf5 Rf1+ 67. Kg4 Rg1+ 1/2-1/2


[Site "https://www.chess.com"]

[Event "Titled Tuesday Blitz June 1 2021"]
[White "Demidov, Mikhail"]
[Black "Szente Varga, Fruzsina"]
[WhiteFideId "4197143"]
[BlackFideId "712264"]
[WhiteElo "2583"]
[BlackElo "2106"]
[Result "1-0"]
[Round "05"]
[TimeControl "180+1"]
[Date "2021.06.01"]
[WhiteClock "0:01:33"]
[BlackClock "0:00:09"]

1. Nf3 d5 2. g3 Nf6 3. Bg2 g6 4. b3 Bg7 5. Bb2 O-O 6. c4 c6 7. O-O Re8 8. d3 Nbd7 9. Qc2 e5 10. cxd5 cxd5 11. Nc3 a6 12. Rac1 b5 13. a4 b4 14. Na2 a5 15. Qc7 Qxc7 16. Rxc7 Ba6 17. Rfc1 e4 18. dxe4 dxe4 19. Nd4 Rac8 20. Rxc8 Rxc8 21. Rxc8+ Bxc8 22. Nc6 Nc5 23. Nxa5 Be6 24. Nxb4 Nxb3 25. Nxb3 Bxb3 26. a5 Nd5 27. Bxg7 Kxg7 28. Nxd5 Bxd5 29. f3 f5 30. Kf2 Kf6 31. Ke3 Ke5 32. f4+ Kd6 33. Kd4 Bb7 34. e3 Ba6 35. g4 fxg4 36. Bxe4 h5 37. Bxg6 h4 38. Be4 g3 39. hxg3 hxg3 40. Bg2 Bb5 41. e4 Ba6 42. e5+ Ke7 43. f5 Bb5 44. Ke3 Ba6 45. Kf4 Bd3 46. Bh3 g2 47. Bxg2 1-0


[Site "https://www.chess.com"]

[Event "Titled Tuesday Blitz June 1 2021"]
[White "Donchenko, Alexander"]
[Black "Perez Ponsa, Federico"]
[WhiteFideId "24603295"]
[BlackFideId "117927"]
[WhiteElo "2553"]
[BlackElo "2672"]
[Result "1-0"]
[Round "05"]
[TimeControl "180+1"]
[Date "2021.06.01"]
[WhiteClock "0:01:26"]
[BlackClock "0:01:09"]

1. e4 c5 2. Nf3 d6 3. Bb5+ Nd7 4. O-O a6 5. Bd3 Ngf6 6. c3 b5 7. a4 c4 8. Bc2 Bb7 9. Re1 g6 10. axb5 axb5 11. Rxa8 Qxa8 12. Na3 Bg7 13. Nxb5 O-O 14. Qe2 Rc8 15. Na3 Ba6 16. h3 Nh5 17. d4 cxd3 18. Bxd3 Bxd3 19. Qxd3 Nc5 20. Qe2 Nb3 21. Bg5 Nf6 22. e5 dxe5 23. Nxe5 Qd5 24. Nac4 h6 25. Nb6 Qe6 26. Nxc8 hxg5 27. Qc4 Qxc4 28. Nxe7+ Kf8 29. Nxc4 Nd7 30. Nd5 Ndc5 31. Nd6 Bh6 32. Re8+ Kg7 33. Re7 1-0


[Site "https://www.chess.com"]

[Event "Titled Tuesday Blitz June 1 2021"]
[White "Fedoseev, Vladimir"]
[Black "Nesterov, Arseniy"]
[WhiteFideId "24130737"]
[BlackFideId "24198455"]
[WhiteElo "2756"]
[BlackElo "2441"]
[Result "0-1"]
[Round "05"]
[TimeControl "180+1"]
[Date "2021.06.01"]
[WhiteClock "0:00:10"]
[BlackClock "0:00:12"]

1. e4 e5 2. Nf3 Nc6 3. Bb5 a6 4. Ba4 b5 5. Bb3 Na5 6. O-O d6 7. Re1 Bb7 8. d4 Nxb3 9. axb3 Nf6 10. Nc3 exd4 11. Nxd4 Be7 12. Nf5 O-O 13. Bg5 h6 14. Bxh6 gxh6 15. Qd2 Bc8 16. Qxh6 Bxf5 17. exf5 Nh7 18. Re3 Bg5 19. Rg3 Kh8 20. Qh5 Rg8 21. Ne4 d5 22. Nxg5 Rxg5 23. Qxf7 Qf8 24. Qxc7 Rxf5 25. Rh3 Qf7 26. Qb6 Rf8 27. Rf1 Qf6 28. Qa7 Rf7 29. Qb8+ Kg7 30. Rg3+ Rg5 31. c3 Rxg3 32. Qxg3+ Qg5 33. Qd3 Nf6 34. g3 Qg6 35. Qd4 Qe4 36. Qb6 Ng4 37. f4 Ne3 0-1


[Site "https://www.chess.com"]

[Event "Titled Tuesday Blitz June 1 2021"]
[White "Fus, Jakub"]
[Black "Martinez Alcantara, Jose Eduardo"]
[WhiteFideId "1193023"]
[BlackFideId "3805662"]
[WhiteElo "2138"]
[BlackElo "2690"]
[Result "0-1"]
[Round "05"]
[TimeControl "180+1"]
[Date "2021.06.01"]
[WhiteClock "0:00:14"]
[BlackClock "0:00:14"]

1. Nf3 c5 2. g3 Nc6 3. Bg2 g6 4. O-O Bg7 5. c3 e5 6. d3 Nge7 7. Nbd2 O-O 8. e4 d6 9. a3 h6 10. b4 Be6 11. Bb2 b5 12. Re1 Qb6 13. Rb1 a5 14. bxc5 dxc5 15. c4 b4 16. Qa4 Rfd8 17. Bf1 Rab8 18. Rec1 h5 19. Ng5 Bd7 20. Qd1 f6 21. Ngf3 Bh6 22. Ne1 Bg4 23. Be2 Be6 24. Nc2 Nd4 25. Nxd4 cxd4 26. axb4 axb4 27. Nb3 Bxc1 28. Bxc1 Bf7 29. f4 Qc7 30. fxe5 fxe5 31. Bg5 Be6 32. Qd2 Rf8 33. Ra1 Nc6 34. Nc5 Bc8 35. Bh6 Rf7 36. Qg5 Kh7 37. Bxh5 Qd6 0-1


[Site "https://www.chess.com"]

[Event "Titled Tuesday Blitz June 1 2021"]
[White "Goltsev, Dmitry"]
[Black "NovakCabarkapa"]
[WhiteFideId "24176710"]
[WhiteElo "2366"]
[BlackElo "2820"]
[Result "1-0"]
[Round "05"]
[TimeControl "180+1"]
[Date "2021.06.01"]
[WhiteClock "0:00:17"]
[BlackClock "0:00:24"]

1. e4 e6 2. d4 d5 3. exd5 exd5 4. Bd3 Nc6 5. Nf3 Bd6 6. O-O Nge7 7. Re1 Bg4 8. c3 Qd7 9. h3 Bh5 10. b4 f6 11. a4 O-O 12. Na3 a6 13. Nc2 Rae8 14. b5 axb5 15. axb5 Nd8 16. Ba3 Bg6 17. Qd2 Bxd3 18. Qxd3 Ng6 19. Bxd6 Qxd6 20. Qf5 Nf4 21. Nb4 Ne2+ 22. Kh1 Nxc3 23. Rxe8 Rxe8 24. b6 cxb6 25. Nd3 Nc6 26. Nf4 b5 27. g4 b4 28. g5 g6 29. Nxg6 Qe6 30. Ne7+ Qxe7 31. gxf6 Qe4 32. f7+ Kf8 33. fxe8=Q+ Kxe8 34. Re1 b3 35. Rxe4+ dxe4 36. Nd2 b2 37. Qc8+ Ke7 38. Qxb7+ Kd6 39. Qxb2 e3 40. Qxc3 e2 41. Nc4+ Kd5 42. Ne3+ Ke4 43. Qe1 Kf3 44. Ng2 Nxd4 45. Nh4+ Ke4 46. Kg2 Kd3 47. Nf3 Nc2 48. Qc1 h5 49. Qd2+ Ke4 50. Qxc2+ Kf4 51. Qxe2 h4 52. Qe8 Kf5 53. Qh5+ Kf4 54. Qxh4+ Kf5 55. Qg4+ Kf6 56. h4 Ke7 57. h5 Kf7 58. h6 Kf6 59. h7 Kf7 60. h8=Q Ke7 61. Qgg7+ Ke6 62. Nh4 Kd5 63. f4 Ke4 64. f5 Kd3 65. f6 Kd2 66. f7 Ke1 67. f8=Q Kd1 68. Qge7 Kd2 69. Qd4+ Kc2 70. Qd5 Kc3 71. Qdd6 Kc4 72. Kf2 Kb5 73. Ke3 Kc4 74. Nf3 Kb3 75. Nd2+ Kc2 76. Ne4 Kc1 77. Qec7+ Kb2 78. Qfb8+ Ka2 79. Kd2 Ka1 80. Qd4+ Ka2 81. Nc3+ Ka1 82. Qca7# 1-0


[Site "https://www.chess.com"]

[Event "Titled Tuesday Blitz June 1 2021"]
[White "Iskusnyh, Sergei"]
[Black "Zhigalko, Sergei"]
[WhiteFideId "4120027"]
[BlackFideId "13502956"]
[WhiteElo "2492"]
[BlackElo "2662"]
[Result "0-1"]
[Round "05"]
[TimeControl "180+1"]
[Date "2021.06.01"]
[WhiteClock "0:00:09"]
[BlackClock "0:01:19"]

1. d4 Nf6 2. c4 e6 3. g3 c5 4. Nf3 cxd4 5. Nxd4 Qc7 6. Nd2 Bc5 7. N2f3 Ne4 8. Qc2 Qa5+ 9. Bd2 Nxd2 10. Nxd2 Bxd4 11. Bg2 Bf6 12. O-O O-O 13. Ne4 Be7 14. a3 Qc7 15. Rac1 d6 16. Rfd1 Rd8 17. b4 Nd7 18. Qb1 Nf6 19. Nc3 a6 20. e3 Bd7 21. h3 Rac8 22. Kh2 Qb8 23. Qb3 h6 24. a4 Bc6 25. e4 b6 26. b5 Bb7 27. f4 Nd7 28. Qa2 Nc5 29. Rd2 a5 30. Rcd1 Bf6 31. Ne2 Nxe4 0-1


[Site "https://www.chess.com"]

[Event "Titled Tuesday Blitz June 1 2021"]
[White "Kezin, Roman"]
[Black "Kovalev, Vladislav"]
[WhiteFideId "24124621"]
[BlackFideId "13504398"]
[WhiteElo "2574"]
[BlackElo "2573"]
[Result "1-0"]
[Round "05"]
[TimeControl "180+1"]
[Date "2021.06.01"]
[WhiteClock "0:00:07"]
[BlackClock "0:00:04"]

1. Nf3 Nf6 2. e3 g6 3. b3 Bg7 4. Bb2 O-O 5. c4 d6 6. d4 e5 7. Be2 e4 8. Nfd2 Re8 9. Nc3 h5 10. Qc2 Bf5 11. O-O-O Qe7 12. h3 h4 13. Rdg1 c5 14. dxc5 dxc5 15. g4 hxg3 16. fxg3 Nc6 17. g4 Nb4 18. Qb1 Bd7 19. g5 Nh7 20. a3 Nd3+ 21. Bxd3 exd3 22. Nd5 Qf8 23. Qxd3 Bc6 24. e4 Bxd5 25. exd5 Bxb2+ 26. Kxb2 Qg7+ 27. Kc2 Re5 28. Nf3 Rf5 29. h4 b5 30. cxb5 Rd8 31. d6 Nf8 32. Rd1 Ne6 33. Kb1 Nf4 34. Qc4 Ng2 35. Qe4 Rf4 36. Qd3 c4 37. bxc4 Qf8 38. Rh2 Rg4 39. Qd2 Nf4 40. Ne5 Rg3 41. Qxf4 Rb3+ 42. Rb2 Rxa3 43. d7 Ra4 44. Nc6 Qa3 45. Nxd8 Rb4 46. Qxf7+ Kh8 47. Qe8+ Kh7 48. Qe7+ Kh8 49. Qf6+ Kh7 50. Ne6 Rxb2+ 51. Qxb2 Qe7 52. d8=Q Qxd8 1-0


[Site "https://www.chess.com"]

[Event "Titled Tuesday Blitz June 1 2021"]
[White "Klimkowski, Jan"]
[Black "Terry, Renato"]
[WhiteFideId "21856222"]
[BlackFideId "3803457"]
[WhiteElo "1903"]
[BlackElo "2581"]
[Result "1-0"]
[Round "05"]
[TimeControl "180+1"]
[Date "2021.06.01"]
[WhiteClock "0:00:15"]
[BlackClock "0:00:03"]

1. d4 e6 2. e4 d5 3. Nc3 Nf6 4. Bg5 Bb4 5. e5 h6 6. Be3 Ne4 7. a3 Bxc3+ 8. bxc3 c5 9. Bd3 Nxc3 10. Qg4 Kf8 11. dxc5 Nc6 12. Nf3 f5 13. Qg6 Qe8 14. Qxe8+ Kxe8 15. Bd4 Ne4 16. Rb1 g5 17. Bb5 Bd7 18. Bxc6 Bxc6 19. Nd2 g4 20. Nb3 a5 21. f3 gxf3 22. gxf3 Ng5 23. Kf2 a4 24. Nc1 Rd8 25. h4 Ne4+ 26. fxe4 dxe4 27. Rd1 f4 28. Ne2 Rf8 29. Rb4 e3+ 30. Ke1 Rf7 31. Nxf4 Rxf4 32. Bxe3 Rxd1+ 33. Kxd1 1-0


[Site "https://www.chess.com"]

[Event "Titled Tuesday Blitz June 1 2021"]
[White "Kollars, Dmitrij"]
[Black "Stark, Lars"]
[WhiteFideId "12909572"]
[BlackFideId "4676386"]
[WhiteElo "2576"]
[BlackElo "2474"]
[Result "1-0"]
[Round "05"]
[TimeControl "180+1"]
[Date "2021.06.01"]
[WhiteClock "0:00:20"]
[BlackClock "0:00:02"]

1. e4 e6 2. d4 d5 3. Nd2 Nc6 4. Ngf3 Nf6 5. e5 Nd7 6. Nb3 Be7 7. c3 a5 8. a4 b6 9. Bf4 Ncb8 10. h4 h6 11. h5 c5 12. Rh3 Qc7 13. Rg3 Bf8 14. Bb5 Ba6 15. Qe2 Bxb5 16. axb5 c4 17. Nbd2 a4 18. Qd1 Ra5 19. Rxa4 Rxb5 20. Qc2 Qc6 21. Ra7 Ra5 22. Rxa5 bxa5 23. Ke2 Qb5 24. Rh3 Nc6 25. Rh1 a4 26. Ra1 Nb6 27. g4 Be7 28. Be3 Na5 29. Ne1 Kd7 30. f4 Nb3 31. Ra2 f6 32. Ndf3 Ke8 33. Ng2 Kf8 34. f5 exf5 35. gxf5 Kf7 36. e6+ Ke8 37. Nf4 Kd8 38. Qd1 Qe8 39. Qg1 Rg8 40. Nh4 Kc7 41. Qg2 Kc6 42. Nhg6 Bd6 43. Nh3 Qb8 44. Kf1 Kb5 45. Bf4 Qc7 46. Kg1 Re8 47. Bxd6 Qxd6 48. Nhf4 Rg8 49. Qf1 Kc6 50. Kg2 Re8 51. Kh3 Rg8 52. Kg4 Re8 53. Ra3 Kb5 54. Qd1 Rg8 55. Qe2 Re8 56. Qh2 Kc6 57. Kh3 Rg8 58. Nh4 Kb5 59. Nfg6 Qxh2+ 60. Kxh2 Nc8 61. Ng2 Re8 62. Ne3 Nb6 63. Nf4 Kc6 64. Kg3 1-0


[Site "https://www.chess.com"]

[Event "Titled Tuesday Blitz June 1 2021"]
[White "Lysyj, Igor"]
[Black "Oparin, Grigoriy"]
[WhiteFideId "4150120"]
[BlackFideId "24125890"]
[WhiteElo "2660"]
[BlackElo "2628"]
[Result "1/2-1/2"]
[Round "05"]
[TimeControl "180+1"]
[Date "2021.06.01"]
[WhiteClock "0:00:16"]
[BlackClock "0:00:13"]

1. d4 Nf6 2. c4 e6 3. Nf3 Bb4+ 4. Bd2 a5 5. g3 O-O 6. Bg2 d5 7. a3 Be7 8. O-O c6 9. Qc2 Nbd7 10. Bf4 Nh5 11. Bc1 Nhf6 12. Nbd2 b6 13. e4 Ba6 14. e5 Ne8 15. Rd1 Nc7 16. b3 a4 17. b4 dxc4 18. Nxc4 Nd5 19. Bb2 c5 20. bxc5 bxc5 21. Qxa4 Qc7 22. Rdc1 Rfb8 23. Rab1 N7b6 24. Nxb6 Qxb6 25. dxc5 Bxc5 26. Qc2 Bf8 27. Bd4 Qa5 28. Ng5 g6 29. Ne4 Rxb1 30. Rxb1 Rc8 31. Qd1 Qxa3 32. Ra1 Qd3 33. Qxd3 Bxd3 34. Nd6 Rd8 35. Ra7 f6 36. Bh3 f5 37. Bg2 Rb8 38. Bxd5 exd5 39. h4 Rd8 40. Kg2 Bxd6 41. exd6 Rxd6 42. Rg7+ Kf8 43. Rxh7 Rc6 44. Rh8+ Kf7 45. Rh7+ Kf8 46. Rh8+ Kf7 47. Rh7+ Kf8 1/2-1/2


[Site "https://www.chess.com"]

[Event "Titled Tuesday Blitz June 1 2021"]
[White "Makhnev, Denis"]
[Black "Zierk, Steven"]
[WhiteFideId "13707647"]
[BlackFideId "2034255"]
[WhiteElo "2549"]
[BlackElo "2502"]
[Result "0-1"]
[Round "05"]
[TimeControl "180+1"]
[Date "2021.06.01"]
[WhiteClock "0:01:27"]
[BlackClock "0:02:01"]

1. Nf3 d5 2. d4 Nf6 3. Bf4 c5 4. c3 e6 5. e3 Bd6 6. Bxd6 Qxd6 7. Nbd2 Nc6 8. Be2 O-O 9. O-O e5 10. dxe5 Nxe5 11. Nxe5 Qxe5 12. Nf3 Qc7 13. Qc2 b6 14. Rfd1 Bb7 15. c4 Rfd8 16. a3 Qe7 17. cxd5 Bxd5 18. Rd2 Be4 19. Qc3 Rxd2 20. Nxd2 Rd8 21. Rd1 Qd7 22. f3 Nd5 23. Qb3 Bc2 24. Qxc2 Nxe3 0-1


[Site "https://www.chess.com"]

[Event "Titled Tuesday Blitz June 1 2021"]
[White "Manafov, Vugar"]
[Black "Cunjalo, Faris"]
[WhiteFideId "13410814"]
[BlackFideId "14410710"]
[WhiteElo "2274"]
[BlackElo "2234"]
[Result "1-0"]
[Round "05"]
[TimeControl "180+1"]
[Date "2021.06.01"]
[WhiteClock "0:00:34"]
[BlackClock "0:00:02"]

1. d4 Nf6 2. c4 e6 3. Nf3 d5 4. Nc3 Bb4 5. cxd5 exd5 6. Bg5 h6 7. Bh4 O-O 8. e3 Bf5 9. a3 Bxc3+ 10. bxc3 Nbd7 11. Bd3 Bxd3 12. Qxd3 c5 13. Ne5 g5 14. Bg3 Ne4 15. Nxd7 Qxd7 16. O-O Rac8 17. Rab1 cxd4 18. cxd4 b6 19. Rfc1 Rxc1+ 20. Rxc1 Rc8 21. Rc2 Rc6 22. f3 Nxg3 23. Qb5 Ne2+ 24. Qxe2 Qc7 25. Rxc6 Qxc6 26. Qd3 b5 27. e4 a5 28. exd5 Qxd5 29. Qc3 Kg7 30. Kf2 a4 31. Ke3 Kf6 32. Kd3 Ke6 33. Qb4 Qf5+ 34. Kc3 Qd5 35. Qc5 Qb3+ 36. Kd2 Qb2+ 37. Ke3 Qxg2 38. Qe5+ Kd7 39. Qxb5+ Ke7 40. Qb4+ Ke8 41. Qxa4+ Ke7 42. Qa7+ Kf6 43. Qb6+ Kg7 44. a4 Qxh2 45. a5 Qf4+ 46. Ke2 g4 47. fxg4 Qxg4+ 48. Kd3 Qf3+ 49. Kc4 Qe2+ 50. Kc5 Qc2+ 51. Kd6 h5 52. a6 Qh2+ 53. Kd7 Qh3+ 54. Kc7 Qg3+ 55. Kc6 Qc3+ 56. Qc5 Qf3+ 57. d5 Qf6+ 58. d6 h4 59. a7 Qd8 60. Qd4+ Kg6 61. Qg4+ Kh6 62. Qd7 Qa8+ 63. Qb7 Qe8+ 64. Qd7 Qa8+ 65. Kb6 Qd5 66. Qc6 Qb3+ 67. Kc7 1-0


[Site "https://www.chess.com"]

[Event "Titled Tuesday Blitz June 1 2021"]
[White "Moskalenko, Alexander"]
[Black "Le, Tuan Minh"]
[WhiteFideId "4155351"]
[BlackFideId "12401153"]
[WhiteElo "2495"]
[BlackElo "2450"]
[Result "1-0"]
[Round "05"]
[TimeControl "180+1"]
[Date "2021.06.01"]
[WhiteClock "0:00:19"]
[BlackClock "0:00:03"]

1. d4 d5 2. c4 c6 3. Nf3 Nf6 4. e3 Bf5 5. Bd3 Bg6 6. O-O e6 7. Nc3 Nbd7 8. h3 Bd6 9. Re1 O-O 10. Bxg6 hxg6 11. e4 dxe4 12. Nxe4 Nxe4 13. Rxe4 Re8 14. b3 Qa5 15. Bd2 Bb4 16. Bxb4 Qxb4 17. Qe2 a5 18. Rd1 Nf6 19. Re3 a4 20. a3 Qxa3 21. bxa4 Qxa4 22. Ne5 Red8 23. Qf3 Qc2 24. g4 Rf8 25. Rb3 b5 26. cxb5 cxb5 27. Rxb5 Ra3 28. Qxa3 Qxd1+ 29. Kh2 Qxd4 30. Qg3 Ne4 31. Qe3 Qxe3 32. fxe3 Nc3 33. Rb4 Nd5 34. Rb3 Rc8 35. g5 Rc7 36. Rb8+ Kh7 37. Rf8 f5 38. Nf7 Rxf7 39. Rxf7 e5 40. e4 fxe4 41. Kg3 e3 42. Kf3 e2 43. Kxe2 Nf4+ 44. Kf3 Nxh3 45. Kg4 Nf4 46. Re7 Nd3 47. Re8 e4 48. Kg3 Nc5 49. Re5 Nb7 50. Rxe4 Nd6 51. Re1 Nf5+ 52. Kf4 Nd4 53. Ke4 Ne6 54. Rg1 Nc5+ 55. Kd5 Nd3 56. Ke6 Kg8 57. Rg4 Nf2 58. Rh4 Nd3 59. Rd4 Nf2 60. Ke5 Nh3 61. Rg4 Nf2 62. Rg3 Nd1 63. Kd4 Nf2 64. Ke3 Nd1+ 65. Ke2 Nb2 66. Rg4 Kf7 67. Rb4 Ke6 68. Rxb2 Kf5 69. Rb5+ Kg4 70. Kf2 Kh4 71. Kf3 Kh3 72. Kf4 Kh4 73. Rb3 1-0


[Site "https://www.chess.com"]

[Event "Titled Tuesday Blitz June 1 2021"]
[White "Nakamura, Hikaru"]
[Black "Sonis, Francesco"]
[WhiteFideId "2016192"]
[BlackFideId "895733"]
[WhiteElo "2900"]
[BlackElo "2373"]
[Result "1-0"]
[Round "05"]
[TimeControl "180+1"]
[Date "2021.06.01"]
[WhiteClock "0:00:47"]
[BlackClock "0:00:17"]

1. b4 e6 2. Bb2 Nf6 3. a3 d5 4. Nf3 Bd6 5. e3 O-O 6. c4 b6 7. cxd5 exd5 8. d4 Bb7 9. Nc3 Ne4 10. Qb3 Re8 11. Rc1 a6 12. Bd3 Ng5 13. Nd2 c6 14. Qc2 h6 15. O-O Nd7 16. f4 Ne6 17. Qb3 Nef8 18. Rce1 Nf6 19. Nf3 a5 20. Ne5 axb4 21. axb4 Qc7 22. Rc1 Qe7 23. Na4 N6d7 24. Bf5 b5 25. Nc5 Nxc5 26. dxc5 Bc7 27. Rce1 f6 28. Ng6 Qf7 29. Nxf8 Kxf8 30. Qd3 Re7 31. Bg6 Qe6 32. e4 Rd8 33. e5 d4 34. Qb1 Qc4 35. exf6 Rf7 36. Bxf7 1-0


[Site "https://www.chess.com"]

[Event "Titled Tuesday Blitz June 1 2021"]
[White "Ozen, Bahadir"]
[Black "Quparadze, Giga"]
[WhiteFideId "6337058"]
[BlackFideId "13602250"]
[WhiteElo "2503"]
[BlackElo "2658"]
[Result "0-1"]
[Round "05"]
[TimeControl "180+1"]
[Date "2021.06.01"]
[WhiteClock "0:01:49"]
[BlackClock "0:01:56"]

1. e4 c5 2. Nf3 e6 3. c3 d5 4. exd5 Qxd5 5. d4 Nc6 6. Be2 Nf6 7. O-O cxd4 8. cxd4 Be7 9. Nc3 Qd6 10. Bg5 O-O 11. Qd2 Rd8 12. Rfd1 Nd5 13. Ne4 Qb4 14. Rac1 Qxd2 15. Rxd2 f6 16. Bh4 g5 17. Bg3 g4 18. Ne1 f5 19. Nc3 Bg5 20. f4 Nxf4 21. Rcd1 Nd5 22. Nxd5 Rxd5 23. Bc4 Bxd2 24. Rxd2 0-1


[Site "https://www.chess.com"]

[Event "Titled Tuesday Blitz June 1 2021"]
[White "Paravyan, David"]
[Black "Timmermans, Mark"]
[WhiteFideId "4194985"]
[BlackFideId "1026399"]
[WhiteElo "2562"]
[BlackElo "2460"]
[Result "1/2-1/2"]
[Round "05"]
[TimeControl "180+1"]
[Date "2021.06.01"]
[WhiteClock "0:00:02"]
[BlackClock "0:01:05"]

1. Nf3 Nf6 2. g3 e6 3. Bg2 d5 4. O-O Be7 5. d4 O-O 6. c4 dxc4 7. Ne5 Nc6 8. Bxc6 bxc6 9. Nxc6 Qe8 10. Nxe7+ Qxe7 11. Qc2 a5 12. b3 c5 13. Ba3 cxb3 14. axb3 Bb7 15. Bxc5 Qc7 16. Nc3 Rfc8 17. Rfc1 e5 18. f3 exd4 19. Bxd4 Qd6 20. Qd3 Ba6 21. Qe3 Re8 22. Qf2 Nd5 23. Ne4 Qb4 24. Rab1 Rad8 25. Rd1 f5 26. Nc5 Bxe2 27. Re1 Bb5 28. Ne6 Rd7 29. Nxg7 Rxe1+ 30. Rxe1 Rxg7 31. Bxg7 Kxg7 32. Qb2+ Qc3 33. Re7+ Kf6 34. Qxc3+ Nxc3 35. Ra7 a4 36. bxa4 Bxa4 37. Rxh7 Nd5 38. Kf2 Ne7 39. Rh6+ Ng6 40. h4 Kg7 41. Rh5 Ne7 42. Ke3 Bd7 43. Rg5+ Kf6 44. Rh5 Kg7 45. Kf4 Ng6+ 46. Kg5 Ne5 47. Kf4 Ng6+ 48. Ke3 Ne7 1/2-1/2


[Site "https://www.chess.com"]

[Event "Titled Tuesday Blitz June 1 2021"]
[White "Pert, Richard G"]
[Black "Makhnev, Denis"]
[WhiteFideId "404748"]
[BlackFideId "13707647"]
[WhiteElo "2441"]
[BlackElo "2549"]
[Result "0-1"]
[Round "05"]
[TimeControl "180+1"]
[Date "2021.06.01"]
[WhiteClock "0:00:08"]
[BlackClock "0:00:15"]

1. e4 e5 2. Nf3 Nc6 3. Bb5 a6 4. Ba4 Nf6 5. O-O Be7 6. d3 b5 7. Bb3 d6 8. Nbd2 Na5 9. a4 Nxb3 10. Nxb3 Be6 11. c3 O-O 12. Ng5 Bd7 13. axb5 h6 14. Nf3 axb5 15. Rxa8 Qxa8 16. h3 c5 17. Be3 c4 18. dxc4 bxc4 19. Nbd2 Rc8 20. Qc2 Bc6 21. Nxc4 Bxe4 22. Qe2 Qa6 23. Nfd2 d5 24. f4 dxc4 25. fxe5 Bd3 26. Qf3 Bxf1 27. exf6 Bxf6 28. Qxf1 Qe6 29. Qf3 Re8 30. Bf2 Bg5 31. Nf1 Qe2 32. Qc6 Re6 33. Qc8+ Kh7 34. Qb7 Rf6 35. Qa7 Qxb2 36. Bd4 Rf5 37. Ng3 Qb1+ 38. Kh2 Bf4 39. Qd7 Qd3 40. Kh1 Bxg3 41. Qc8 Rf1+ 42. Bg1 Rxg1+ 0-1


[Site "https://www.chess.com"]

[Event "Titled Tuesday Blitz June 1 2021"]
[White "Rozman, Levy"]
[Black "Indjic, Aleksandar"]
[WhiteFideId "2039877"]
[BlackFideId "911925"]
[WhiteElo "2376"]
[BlackElo "2643"]
[Result "0-1"]
[Round "05"]
[TimeControl "180+1"]
[Date "2021.06.01"]
[WhiteClock "0:00:01"]
[BlackClock "0:00:09"]

1. d4 Nf6 2. Bg5 d5 3. e3 g6 4. h4 h6 5. Bxf6 exf6 6. c4 dxc4 7. h5 g5 8. Bxc4 Bg7 9. Nc3 c6 10. Nge2 f5 11. Bd3 O-O 12. Qc2 Qf6 13. O-O-O Na6 14. a3 c5 15. d5 b5 16. Bxb5 Nc7 17. Bc4 Ne8 18. g4 fxg4 19. Ng3 Nd6 20. Nge4 Nxe4 21. Nxe4 Qe5 22. Nc3 Rb8 23. d6 Bf5 24. e4 Be6 25. Bxe6 fxe6 26. d7 Qf4+ 27. Kb1 Bd4 28. Rhe1 Qe5 29. Ka2 Rfd8 30. Na4 Rxd7 31. b4 Rc7 32. Rc1 c4 33. Red1 c3 34. Qb3 Kg7 35. Rc2 a5 36. Rd3 axb4 37. axb4 Ra7 38. Kb1 Rba8 39. Nxc3 Ra1+ 40. Kb2 Rf1 41. Rc1 Rxf2+ 42. Kb1 g3 43. Nb5 Ra1# 0-1


[Site "https://www.chess.com"]

[Event "Titled Tuesday Blitz June 1 2021"]
[White "Sumets, Andrey"]
[Black "Hansen, Eric"]
[WhiteFideId "14105500"]
[BlackFideId "2606771"]
[WhiteElo "2619"]
[BlackElo "2568"]
[Result "1-0"]
[Round "05"]
[TimeControl "180+1"]
[Date "2021.06.01"]
[WhiteClock "0:00:05"]
[BlackClock "0:00:01"]

1. d4 Nf6 2. c4 e6 3. Nc3 Bb4 4. Qc2 O-O 5. a3 Bxc3+ 6. Qxc3 d5 7. Bg5 dxc4 8. Qxc4 b6 9. Nf3 Ba6 10. Qa4 Qe8 11. Qxe8 Rxe8 12. Rc1 Rc8 13. Bxf6 gxf6 14. g3 Bb7 15. Bg2 Nd7 16. O-O c5 17. Rfd1 Kf8 18. Ne5 Rc7 19. Nxd7+ Rxd7 20. Bxb7 Rxb7 21. dxc5 bxc5 22. Rxc5 a5 23. Rd2 a4 24. Rc4 Rab8 25. Rxa4 Rxb2 26. Rxb2 Rxb2 27. e3 Ra2 28. g4 Kg7 29. Ra5 Kg6 30. Kg2 e5 31. h4 h5 32. gxh5+ Kxh5 33. Kg3 Ra1 34. Ra7 Kg6 35. a4 Rg1+ 36. Kh2 Rg4 37. Kh3 f5 38. a5 Ra4 39. a6 Kg7 40. Ra8 f4 41. exf4 Rxf4 42. a7 Ra4 43. h5 Kh7 44. Kg3 f5 45. h6 Ra6 46. Kh4 Rxh6+ 47. Kg5 Ra6 48. Kxf5 Ra5 49. Kf6 e4 50. Ke6 Ra6+ 51. Kd5 Ra4 52. Kc5 Kg7 53. Kb5 Ra2 54. Kb6 Rb2+ 55. Kc5 Ra2 56. Kd4 Ra4+ 57. Ke5 Kh7 58. Kf5 Kg7 59. Ke5 Kh7 60. Kf6 Ra6+ 61. Kf5 Ra4 62. Ke6 Kg7 63. Re8 Rxa7 64. Re7+ Rxe7+ 65. Kxe7 Kg6 66. Ke6 Kg5 67. Ke5 e3 68. fxe3 1-0


[Site "https://www.chess.com"]

[Event "Titled Tuesday Blitz June 1 2021"]
[White "Supi, Luis Paulo"]
[Black "Bacrot, Etienne"]
[WhiteFideId "2106388"]
[BlackFideId "605506"]
[WhiteElo "2369"]
[BlackElo "2673"]
[Result "1-0"]
[Round "05"]
[TimeControl "180+1"]
[Date "2021.06.01"]
[WhiteClock "0:00:06"]
[BlackClock "0:00:04"]

1. c4 e5 2. g3 Nf6 3. Bg2 c6 4. Nf3 e4 5. Nd4 d5 6. d3 exd3 7. cxd5 Bb4+ 8. Nc3 Nxd5 9. Qxd3 O-O 10. O-O Nxc3 11. bxc3 Be7 12. Rd1 Na6 13. Bf4 Bf6 14. a4 Qa5 15. h3 Rd8 16. Qe3 Bd7 17. g4 Re8 18. Nb3 Qd8 19. Qg3 Qc8 20. Na5 Be6 21. Bd6 Bd5 22. Rab1 b6 23. Nb3 Bxg2 24. Qxg2 Rxe2 25. g5 Bxc3 26. Rbc1 Bb2 27. Rxc6 Qe8 28. Bg3 Nb4 29. Rcd6 Rc8 30. Kh2 g6 31. Nd4 Re4 32. Nb5 Be5 33. R6d2 Bxg3+ 34. Qxg3 Qe7 35. Nd6 Rc5 36. Nxe4 Qxe4 37. Rd4 Qe7 38. Rd7 Qxg5 39. Qxg5 Rxg5 40. Rxa7 Rf5 41. Kg2 Nd5 42. Rb7 Nf4+ 43. Kf1 Nxh3 44. Rd2 Rf6 45. Rb2 Nf4 46. R7xb6 Rf5 47. R2b5 Nd5 48. Rd6 Ne3+ 49. Ke2 1-0


[Site "https://www.chess.com"]